 Dungeon Crawl Stone Soup version 0.31-a0-1576-ga3383bade6 (webtiles) character file.

Game seed: 5608121659422291826

169 grandjackal the Chopper (level 5, -4/42 HPs)
             Began as a Demonspawn Gladiator on Jan 4, 2024.
             Killed from afar by Sigmund (6 damage)
             ... with a magic dart
             ... on level 2 of the Dungeon.
             The game lasted 00:02:10 (1270 turns).

grandjackal the Chopper (Demonspawn Gladiator)      Turns: 1270, Time: 00:02:11

Health: -4/42      AC:  7    Str: 16    XL:     5   Next: 25%
Magic:  5/5        EV: 11    Int:  9    God:
Gold:   86         SH:  0    Dex: 14    Spells: 4/4 levels left

rFire   . . .        a - +0 war axe
rCold   . . .        (no shield)
rNeg    . . .        b - +0 scale mail
rPois   .            c - +0 helmet
rElec   .            (no cloak)
rCorr   .            (no gloves)
SInv    .            (no boots)
Will    .....        (no amulet) Stlth
                     (no ring)
HPRegen 0.27/turn    (no ring)
MPRegen 0.09/turn

%: no passive effects
@: no status effects
A: claws 1, demonic guardian 1, sturdy frame 1
a: no special abilities


You were on level 2 of the Dungeon.
You visited 1 branch of the dungeon, and saw 3 of its levels.

You collected 86 gold pieces.

Inventory:

Hand Weapons
 a - a +0 war axe (weapon)
Missiles
 d - 3 throwing nets (quivered)
 e - a javelin
Armour
 b - a +0 scale mail (worn)
 c - a +0 helmet (worn)
Scrolls
 f - a scroll of poison {unknown}
 i - a scroll of noise {unknown}
 j - a scroll of enchant weapon {unknown}
 m - a scroll of butterflies {unknown}
Potions
 g - a potion of ambrosia
 h - a potion of brilliance {unknown}
 k - a potion of curing {unknown}
 l - 2 potions of heal wounds {unknown}


   Skills:
 + Level 3.7 Fighting
 + Level 4.0 Axes
 - Level 2.0 Throwing
 - Level 3.0 Dodging
 + Level 1.0 Unarmed Combat


You had 4 spell levels left.
You didn't know any spells.
Your spell library was empty.

Dungeon Overview and Level Annotations

Branches:
Dungeon (3/15)

Altars:

Shops:
D:2 [

Annotations:
D:2 Sigmund


Innate Abilities, Weirdness & Mutations

You have sharp fingernails.
A weak demonic guardian rushes to your aid.
Your movements are slightly less encumbered by armour. (ER -2)


Message History

You slash the goblin!
You kill the goblin!
Sigmund misses you.
Sigmund points at you and mumbles some strange words.
You resist with some effort.
You see here a +0 dagger.
You hit Sigmund but do no damage. Sigmund hits you with a +0 scythe.
Unknown command.
You closely miss Sigmund. Sigmund hits you with a +0 scythe!
You slash Sigmund!
Sigmund is heavily wounded.
Sigmund hits you with a +0 scythe.
You hit Sigmund but do no damage.
Sigmund is heavily wounded.
Sigmund gestures wildly while chanting.
Sigmund flickers and vanishes!
Deactivating autopickup; reactivate with Ctrl-A.
No target in view!
No target in view!
You closely miss something.
You hear some strange, mumbled words.
A magic dart appears from out of thin air!
The magic dart hits you.
A demonic guardian appears!
You barely miss something. Something hits you!
You closely miss something. Something hits you.
You barely miss something.
You hear some strange, mumbled words.
A puff of flame appears from out of thin air!
The puff of flame misses you. The puff of flame hits your quasit.
Your quasit resists.
You closely miss something. Something hits you!
* * * LOW HITPOINT WARNING * * *
You hit something but do no damage. Something hits you!
* * * LOW HITPOINT WARNING * * *
You miss something. Something hits you but does no damage.
You barely miss something.
You hear some strange, mumbled words.
A magic dart appears from out of thin air!
The magic dart hits you.
You die...

..###........#
)...#........#
....g...##...# #######
..#.>#### ...# #.....#
...).# ..# #.....#
##...# ### #.....#
.....###########.....#
#.....gh....h.##5....#
#..#.########.##@....#
#..#.########J##{....#
#....#........##...###
.....#........####.#
##...#.......h.Jg..#
+..#.#........######
###........[....# #
#..........#### #
#.....8....#


You could see a friendly quasit (summoned).

Vanquished Creatures
  A phantom (D:2)
  Robin (D:2)
  3 adders (D:2)
  A dart slug (D:2)
  An orc (D:3)
  4 endoplasms
  A giant cockroach (D:2)
  10 goblins
  7 hobgoblins
  2 jackals (D:2)
  A quokka (D:1)
  9 ball pythons
  4 bats
  3 kobolds (D:1)
  A rat (D:2)
49 creatures vanquished.

Vanquished Creatures (collateral kills)
  A jackal (D:2)
1 creature vanquished.

Grand Total: 50 creatures vanquished

Notes
Turn   | Place    | Note
-------+----------+-------------------------------------------
     0 | D:1      | grandjackal the Demonspawn Gladiator began the quest for
                  | the Orb.
     0 | D:1      | Reached XP level 1. HP: 16/16 MP: 1/1
   170 | D:1      | Gained mutation: Your movements are slightly less
                  | encumbered by armour. (ER -2) [demonic ancestry]
   170 | D:1      | Reached XP level 2. HP: 18/22 MP: 2/2
   631 | D:2      | Reached skill level 3 in Axes
   641 | D:2      | Reached XP level 3. HP: 28/28 MP: 3/3
   641 | D:2      | Found Ostoqystod's Antique Armour Shop.
   712 | D:2      | Noticed a phantom
   720 | D:2      | Killed a phantom
   721 | D:2      | Gained mutation: You have sharp fingernails. [demonic
                  | ancestry]
   721 | D:2      | Reached XP level 4. HP: 27/35 MP: 4/4
   947 | D:2      | Noticed Robin
   954 | D:2      | Noticed Sigmund
   958 | D:2      | Gained mutation: A weak demonic guardian rushes to your
                  | aid. [demonic ancestry]
   958 | D:2      | Reached XP level 5. HP: 35/41 MP: 5/5
   960 | D:2      | Killed Robin
  1071 | D:3      | Reached skill level 4 in Axes
  1257 | D:2      | Reached skill level 1 in Unarmed Combat
  1268 | D:2      | HP: 1/42 [something (8)]
  1270 | D:2      | Killed from afar by Sigmund

Illustrated notes

Levels and vault maps discovered:
D:1:      dpeg_arrival_leaves_temple_mockup, layout_rooms
D:2:      layout_basic, serial_shops, nicolae_shop_statue_plus, basic_altar,
          uniq_robin, uniq_sigmund, uniq_natasha
D:3:      layout_rooms, nicolae_ecumenical_oubliette, uniq_jessica

Skill      XL: |  1  2  3  4  5 |
---------------+----------------+-----
Throwing       | 2 |  2.0
Axes           | 3 4 |  4.0
Dodging        | 3 |  3.0
Fighting       | 3 |  3.7
Unarmed Combat | 1 |  1.0

Action                     |  1- 3 |  4- 6 || total
---------------------------+-------+-------++-------
  Melee: War axe           |    72 |    92 ||   164
         Punch             |       |     1 ||     1
    Use: Potion            |       |     1 ||     1
 Armour: Leather armour    |    28 |       ||    28
         Ring mail         |     5 |       ||     5
         Scale mail        |     7 |   118 ||   125
  Dodge: Dodged            |    53 |   104 ||   157

Table legend: (Time is in decaauts)
 A = Elapsed time spent in this place.
 B = Non-inter-level travel time spent in this place.
 C = Inter-level travel time spent in this place.
 D = Time resting spent in this place.
 E = Time spent auto-exploring this place.
 F = Levels seen in this place.
 G = Mean time per level.
                   A        B        C        D        E       F      G
               +--------+--------+--------+--------+--------+-----+--------+
         Total |   1325 |   1303 |     22 |    270 |    593 |   3 |  441.7 |
       Dungeon |   1325 |   1303 |     22 |    270 |    593 |   3 |  441.7 |
               +--------+--------+--------+--------+--------+-----+--------+

Top non-repeatable levels by time:
     D:1: 737 daAuts
     D:2: 441 daAuts
     D:3: 146 daAuts
